 Dungeon Crawl Stone Soup version 0.21.1-1-g345015fe64 (webtiles) character file.

77 Oravi the Insei (level 4, -6/32 HPs)
             Began as a Merfolk Transmuter on May 6, 2018.
             Mangled by a worm (8 damage)
             ... on level 2 of the Dungeon on May 7, 2018.
             The game lasted 00:04:44 (798 turns).

Oravi the Insei (Merfolk Transmuter)                 Turns: 798, Time: 00:04:44

Health: -6/32      AC:  2    Str: 10    XL:     4   Next: 33%
Magic:  2/7        EV: 13    Int: 13    God:
Gold:   37         SH:  0    Dex: 14    Spells: 1/7 levels left

rFire    . . .     SeeInvis .     - Unarmed
rCold    . . .     Gourm    .   (no shield)
rNeg     . . .     Faith    .   b - +0 robe
rPois    .         Spirit   .   (no helmet)
rElec    .         Reflect  .   (no cloak)
rCorr    .         Harm     .   (no gloves)
MR       +....                  (no boots)
Stlth    +.........             (no amulet)
HPRegen  0.10/turn              k - ring of protection from magic
MPRegen  0.10/turn              (no ring)

@: lethally poisoned (-6 -> -10), appendage (expiring)
A: change form in water, swift swim, stealthy swim, horns 2
a: End Transformation


You were on level 2 of the Dungeon.
You were not hungry.
You had grown temporary horns.
You visited 1 branch of the dungeon, and saw 2 of its levels.

You collected 37 gold pieces.

Inventory:

Missiles
 a - 40 arrows
Armour
 b - a +0 robe (worn)
Jewellery
 k - a ring of protection from magic (left hand)
 l - an uncursed amulet of guardian spirit {unknown}
Scrolls
 e - a scroll of remove curse {unknown}
 g - a scroll of immolation {unknown}
 h - 2 scrolls of identify {unknown}
 i - a scroll of random uselessness {unknown}
 j - a scroll of fear {unknown}
 m - a scroll of noise {unknown}
Books
 c - a book of Changes

   Spells                             Type                      Level
   a - Beastly Appendage              Transmutation                1
   b - Sticks to Snakes               Transmutation                2
   c - Spider Form                    Transmutation/Poison         3
   d - Ice Form                       Ice/Transmutation            4
   e - Blade Hands                    Transmutation                5
Comestibles
 d - 3 rations
 f - 4 chunks of flesh


   Skills:
 + Level 1.5 Fighting
 + Level 3.0 Dodging
 + Level 4.2 Unarmed Combat
 + Level 2.2 Spellcasting
 + Level 4.1 Transmutations
 + Level 0.7 Poison Magic


You had one spell level left.
You knew the following spells:

 Your Spells              Type           Power        Failure   Level  Hunger
a - Spider Form           Tmut/Pois      #.........   28%         3    ####...
b - Sticks to Snakes      Tmut           ##......     7%          2    ###....
c - Beastly Appendage     Tmut           ##....       4%          1    ##.....


Dungeon Overview and Level Annotations

Branches:
Dungeon (2/15)

Altars:


Innate Abilities, Weirdness & Mutations

You revert to your normal form in water.
You are very nimble and swift while swimming.
You are very stealthy in the water. (Stealth+)
You have a pair of horns on your head.


Message History

You feel sick. The adder misses you.
You barely miss the adder.
The adder is lightly wounded.
Your transformation is almost over.
The adder barely misses you.
You hit the adder.
The adder is severely wounded.
You feel sick. The adder barely misses you.
You miss the adder.
The adder is severely wounded.
The adder barely misses you. The adder bites you.
* * * LOW HITPOINT WARNING * * *
You hit the adder.
The adder is almost dead.
The worm barely misses you. The adder barely misses you.
You hit the adder.
You kill the adder!
* * * LOW HITPOINT WARNING * * *
You feel sick. The worm bites you!
You die...

.###...#######..###.##
##%#####.## #...## .
.....###..# #....###.
.......##.######.##.#...
$.......#........#..).).
.......... #....)##.##
.........# ###<...#.(.##
.......†.###........#..÷
......†@...?.##...###.÷#
.....[w........(........
...........##...........
...$..........#...##....
................######..
.......[......... ....
.........#####.### #[..
.........# .. .... #....


You could see a worm.

Vanquished Creatures
  2 adders (D:2)
  An ooze (D:1)
  A dart slug (D:1)
  3 leopard geckos (D:1)
  A ball python (D:1)
  6 bats (D:1)
  4 giant cockroaches
  4 goblins
  4 hobgoblins
  3 jackals (D:1)
  5 frilled lizards
  5 kobolds
  11 rats
50 creatures vanquished.

Notes
Turn   | Place    | Note
-------+----------+-------------------------------------------
     0 | D:1      | Oravi the Merfolk Transmuter began the quest for the Orb.
     0 | D:1      | Reached XP level 1. HP: 15/15 MP: 3/3
    56 | D:1      | Reached XP level 2. HP: 21/21 MP: 3/5
   160 | D:1      | Reached XP level 3. HP: 17/26 MP: 6/6
   164 | D:1      | Learned a level 2 spell: Sticks to Snakes
   168 | D:1      | Learned a level 3 spell: Spider Form
   716 | D:2      | Reached XP level 4. HP: 29/32 MP: 1/7
   798 | D:2      | Mangled by a worm

Skill      XL: |  1  2  3  4 |
---------------+-------------+-----
Transmutations | 3 4 |  4.1
Unarmed Combat | 4 |  4.2
Dodging        | 3 |  3.0
Fighting       | |  1.5
Spellcasting   | |  2.2
Poison Magic   | |  0.7

Action                   |  1- 3 |  4- 6 || total
-------------------------+-------+-------++-------
Melee: Unarmed           |    86 |    31 ||   117
       Headbutt          |     4 |       ||     4
 Cast: Beastly Appendage |     6 |     1 ||     7
       Spider Form       |     6 |     2 ||     8
 Stab: Sleeping          |     1 |       ||     1
  Eat: Chunk             |       |     1 ||     1
Armor: Robe              |    12 |     3 ||    15
       Skin              |     5 |       ||     5
Dodge: Dodged            |    73 |    19 ||    92
